 Dungeon Crawl Stone Soup version 0.19.1 (webtiles) character file.

40683 Apert the Severer (level 13, -2/178 HPs)
             Began as a Minotaur Berserker on Dec 1, 2016.
             Was a High Priest of Trog.
             Slain by a 15-headed hydra (8 damage)
             ... on level 6 of the Lair of Beasts.
             The game lasted 00:54:21 (13450 turns).

Apert the Severer (Minotaur Berserker)             Turns: 13450, Time: 00:54:22

Health: -2/178     AC: 26    Str: 24    XL:     13   Next: 75%
Magic:  12/12      EV:  2    Int:  4    God:    Trog [*****.]
Gold:   1285       SH: 13    Dex: 13    Spells: 0 memorised, 12 levels left

rFire  + . .     SeeInvis .     M - +5 war axe (chop)
rCold  + . .     Gourm    .     (armour currently unavailable)
rNeg   + + +     Faith    .     n - +0 shield
rPois  +         Spirit   .     (helmet currently unavailable)
rElec  +         Reflect  .     (cloak currently unavailable)
rCorr  +         Harm     .     (gloves currently unavailable)
MR     .....     NoTele   +     (boots currently unavailable)
Stlth  +++.......               h - amulet of regeneration
                                T - +1 ring of evasion
                                v - ring of stealth

@: tree-form, resistant, mesmerised
A: (retaliatory headbutt), (horns 0)
a: Berserk, Trog's Hand, Brothers in Arms, Burn Spellbooks, Renounce Religion


You were on level 6 of the Lair of Beasts.
You worshipped Trog.
Trog was extremely pleased with you.
You were not hungry.
You were a tree.
You visited 2 branches of the dungeon, and saw 18 of its levels.
You also visited: Bailey.

You collected 1285 gold pieces.

Inventory:

Hand Weapons
 b - a +5 antimagic broad axe
 M - a +5 war axe of chopping (weapon)
 Z - a +3 antimagic hand axe
Armour
 n - a +0 shield (worn)
 C - the +1 pair of gloves "Qubas" (melded) {Str+6}
   (You found it on level 4 of the Dungeon)

   It affects your strength (+6).
 E - a +0 pair of boots (melded)
 P - +0 gold dragon scales (melded)
Jewellery
 h - an amulet of regeneration (around neck)
 v - a ring of stealth (left branch)
 z - an uncursed ring of flight
 G - an uncursed ring of resist corrosion
 O - an uncursed ring of protection from cold
 R - an uncursed amulet of faith
 T - a +1 ring of evasion (right branch)
 W - an uncursed ring of poison resistance
Scrolls
 d - 2 scrolls of torment
 e - 3 scrolls of magic mapping
 i - 3 scrolls of recharging
 m - 7 scrolls of remove curse
 p - 4 scrolls of immolation
 s - a scroll of identify
 t - 2 scrolls of noise
 w - 8 scrolls of teleportation
 K - 2 scrolls of fog
 N - 4 scrolls of enchant weapon
 V - 2 scrolls of acquirement {unknown}
Potions
 a - 2 potions of heal wounds {unknown}
 f - a potion of degeneration {unknown}
 j - 3 potions of lignification
 k - 2 potions of cure mutation {unknown}
 q - a potion of invisibility {unknown}
 r - 2 potions of beneficial mutation {unknown}
 u - 3 potions of agility
 x - 6 potions of flight
 A - 2 potions of curing
 H - 3 potions of might
 J - 3 potions of haste
Books
 Y - a book of Battle

   Spells                             Type                      Level
   a - Infusion                       Charms                       1
   b - Shroud of Golubria             Charms/Translocation         2
   c - Song of Slaying                Charms                       2
   d - Spectral Weapon                Hexes/Charms                 3
   e - Regeneration                   Charms/Necromancy            3
   Trog disapproves of the use of such an item.
Miscellaneous
 l - a lamp of fire
Comestibles
 c - 8 bread rations
 g - 2 beef jerkies
 o - 4 meat rations
 X - 5 chunks of flesh


   Skills:
 + Level 12.7 Fighting
 + Level 17.0 Axes
 + Level 12.5 Armour
 + Level 4.6 Dodging
 + Level 1.2 Stealth
 + Level 13.0 Shields


You had 12 spell levels left.
You didn't know any spells.

Dungeon Overview and Level Annotations

Branches:
Dungeon (12/15)            Temple (0/1) D:6            Lair (6/6) D:11
 Shoals (0/4) Lair:3        Snake (0/4) Lair:3        Slime (0/5) Lair:5
    Orc (0/2) D:9

Altars:
Ashenzari
Fedhas
Gozag
Kikubaaqudgha
Makhleb
Qazlal
Sif Muna
Trog
Vehumet
Zin
Jiyva

Shops:
D:6 (   D:9 *


Innate Abilities, Weirdness & Mutations

((You reflexively headbutt those who attack you in melee.))
((You have a pair of horns on your head.))


Message History

The merfolk avatar chants its luring song.
You block the 15-headed hydra's attack.
The 15-headed hydra bites you but does no damage. x3
You block the 15-headed hydra's attack.
The 15-headed hydra bites you but does no damage. x6
The 15-headed hydra barely misses you. You block the 15-headed hydra's attack.
The 15-headed hydra bites you but does no damage. x2
You feel better. You block the 15-headed hydra's attack.
The 15-headed hydra bites you.
* * * LOW HITPOINT WARNING * * *
The 15-headed hydra bites you but does no damage.
You block the 15-headed hydra's attack.
The 15-headed hydra bites you but does no damage. x2
The 15-headed hydra bites you.
* * * LOW HITPOINT WARNING * * *
The 15-headed hydra bites you but does no damage.
You block the 15-headed hydra's attack.
The 15-headed hydra bites you but does no damage. x3
The 15-headed hydra bites you!
You die...

#≈≈≈≈P≈##≈...#..##.
##≈≈≈#≈≈##...#######
≈≈≈≈≈≈≈≈≈≈≈..##..##P
≈≈≈≈≈≈≈≈≈≈≈........P
######≈##≈.........
#8≈≈≈≈#≈≈.........
#≈≈†≈≈≈≈≈......... ≈≈
#≈≈≈#≈≈≈.......... ≈
#♣≈≈#≈##..###.#...
%[[≈hkD†≈≈#≈≈#..########
≈≈
≈≈|≈≈≈W≈8≈≈≈≈≈≈.##.###..
≈≈
≈≈m≈≈≈≈≈8≈≈≈≈≈≈..#......
#P≈
/%?≈≈≈≈≈≈≈#≈##≈..#......
≈≈≈
≈≈≈≈≈≈#≈≈≈#≈##.........#
≈≈≈
≈≈≈≈≈≈#≈≈P#≈≈≈..........
≈≈≈
≈≈≈≈≈≈#≈≈≈≈≈≈≈≈...#....#
#≈≈ ≈≈#≈##≈.......##


You could see a merfolk avatar, a 15-headed hydra, a polar bear, a rime drake
and a drowned soul.

Vanquished Creatures
  A dire elephant (Lair:6)
  A centaur warrior (D:10)
  2 hydras
  3 catoblepae
  Pikel (D:7)
  The ghost of Gargoyl the Cleaver, a novice DrAK of Lugonu (D:7)
  An ugly thing (D:8)
  3 hill giants
  An oklob plant (Lair:4)
  A manticore (Lair:6)
  2 cyclopes (D:11)
  An elephant (Lair:6)
  4 black mambas
  9 spiny frogs
  A gargoyle (D:10)
  A centaur skeleton (D:10)
  2 rime drakes
  11 komodo dragons
  A kobold demonologist (D:11)
  A polar bear (Lair:6)
  A troll (D:10)
  A wind drake (Lair:6)
  11 blink frogs
  3 hornets (Lair:6)
  12 dream sheep (Lair:6)
  5 hippogriffs
  Sigmund (D:2)
  A spriggan (D:7)
  2 vampires (D:10)
  2 shadows (D:11)
  A wraith (D:11)
  5 wyverns
  3 fire bats (Lair:2)
  2 basilisks
  25 yaks
  2 hungry ghosts
  2 nagas (Lair:3)
  8 water moccasins
  7 porcupines
  4 orc warriors
  2 ice beasts
  The ghost of Apert the Chopper, an amateur MiBe of Trog (D:3)
  2 sky beasts
  3 necrophages
  2 ogres
  2 black bears
  2 slaves (D:7)
  A phantom (D:5)
  21 wolves
  An eye of draining (D:11)
  4 centaurs
  20 crocodiles
  7 big kobolds
  14 bullfrogs
  2 gnoll sergeants (D:9)
  A scorpion (D:9)
  9 killer bees
  5 crimson imps
  3 jellies
  7 hounds
  A bullfrog skeleton (D:6)
  5 orc priests
  10 orc wizards
  7 iguanas
  7 worker ants
  A hound zombie (D:9)
  2 hound skeletons
  26 gnolls
  16 adders
  2 river rats (D:11)
  5 shadow imps
  An ooze (D:1)
  An adder skeleton (D:4)
  An adder zombie (D:8)
  A worm (D:4)
  A dart slug (D:1)
  3 leopard geckos
  43 orcs
  A ball python (D:7)
  19 bats
  7 giant cockroaches
  32 goblins
  29 hobgoblins
  15 jackals
  6 quokkas
  6 frilled lizards
  33 kobolds
  A leopard gecko skeleton (D:8)
  14 rats
  A rat zombie (D:8)
  8 fungi
  2 plants
562 creatures vanquished.

Vanquished Creatures (others)
  A slave (D:7)
  An orc (D:7)
  15 plants
17 creatures vanquished.

Grand Total: 579 creatures vanquished

Notes
Turn   | Place    | Note
-------+----------+-------------------------------------------
     0 | D:1      | Apert the Minotaur Berserker began the quest for the Orb.
     0 | D:1      | Reached XP level 1. HP: 19/19 MP: 0/0
   202 | D:1      | Reached XP level 2. HP: 25/27 MP: 1/1
   439 | D:1      | Reached skill level 4 in Axes
   857 | D:2      | Reached XP level 3. HP: 32/33 MP: 2/2
   879 | D:2      | Found a burning altar of Makhleb.
   981 | D:2      | Noticed Sigmund
   987 | D:2      | Reached XP level 4. HP: 23/41 MP: 3/3
   989 | D:2      | Reached ** piety under Trog
  1053 | D:2      | Killed Sigmund
  1053 | D:2      | Reached skill level 5 in Axes
  1053 | D:2      | Reached skill level 1 in Shields
  1053 | D:2      | Reached XP level 5. HP: 47/47 MP: 4/4
  1079 | D:2      | You fall through a shaft!
  1126 | D:3      | Noticed Apert's ghost (amateur MiBe)
  1140 | D:3      | Killed Apert's ghost
  1140 | D:3      | Reached XP level 6. HP: 55/55 MP: 5/5
  1438 | D:3      | Found a shattered altar of Ashenzari.
  1515 | D:3      | Reached skill level 5 in Armour
  1571 | D:3      | Reached skill level 6 in Axes
  1731 | D:3      | Reached skill level 5 in Fighting
  1739 | D:3      | Reached XP level 7. HP: 56/61 MP: 6/6
  1933 | D:4      | Reached *** piety under Trog
  2014 | D:4      | Reached skill level 7 in Axes
  2044 | D:4      | Got a pair of faintly humming gloves
  2051 | D:4      | Identified the +1 pair of gloves "Qubas" {Str+6} (You found it on level 4 of the Dungeon)
  2423 | D:4      | Received a gift from Trog
  2629 | D:4      | Reached **** piety under Trog
  2871 | D:5      | Entered Level 5 of the Dungeon
  2939 | D:5      | Reached skill level 8 in Axes
  2939 | D:5      | Reached XP level 8. HP: 53/69 MP: 7/7
  3323 | D:5      | Reached ***** piety under Trog
  3477 | D:6      | Reached skill level 9 in Axes
  3530 | D:6      | Found a staircase to the Ecumenical Temple.
  3606 | D:6      | Identified Nyuhog's Grimoire of Enthralling Transformation
  3682 | D:6      | Reached skill level 5 in Shields
  3845 | D:6      | Found Qyfuquoff's Antique Weapon Boutique.
  3905 | D:6      | Reached XP level 9. HP: 77/78 MP: 2/8
  4150 | D:7      | Received a gift from Trog
  4242 | D:7      | You fall through a shaft for 3 floors!
  4242 | D:10     | Entered Level 10 of the Dungeon
  4312 | D:10     | Reached skill level 10 in Axes
  4449 | D:10     | Noticed a gargoyle
  4454 | D:10     | Killed a gargoyle
  4496 | D:10     | Noticed a troll
  4502 | D:10     | Killed a troll
  4506 | D:10     | Reached skill level 11 in Axes
  4655 | D:10     | Found a flagged portal.
  4661 | Bailey   | Entered a bailey
  4835 | Bailey   | Noticed an orc knight
  5069 | Bailey   | Reached XP level 10. HP: 70/88 MP: 9/9
  5309 | D:10     | Noticed a centaur warrior
  5314 | D:10     | Killed a centaur warrior
  5314 | D:10     | Reached skill level 1 in Stealth
  5319 | D:10     | Noticed a hill giant
  5324 | D:10     | Killed a hill giant
  5894 | D:8      | Received a gift from Trog
  5899 | D:8      | Noticed a white ugly thing
  5910 | D:8      | Killed a white ugly thing
  5941 | D:7      | Noticed Pikel
  5945 | D:7      | Reached skill level 12 in Axes
  5948 | D:7      | Killed Pikel
  6080 | D:7      | Noticed Gargoyl's ghost (novice DrAK)
  6092 | D:7      | Killed Gargoyl's ghost
  6627 | D:8      | Found an ancient bone altar of Kikubaaqudgha.
  6922 | D:9      | Found Hagaess's General Store.
  6937 | D:9      | Reached XP level 11. HP: 95/95 MP: 10/10
  7031 | D:9      | Found a staircase to the Orcish Mines.
  7065 | D:9      | Found a radiant altar of Vehumet.
  7065 | D:9      | Found a faded altar of an unknown god.
  7075 | D:9      | Found a bloodstained altar of Trog.
  7077 | D:9      | Found a deep blue altar of Sif Muna.
  7078 | D:9      | Found a glowing silver altar of Zin.
  7228 | D:9      | Found an opulent altar of Gozag.
  7282 | D:9      | Found a blossoming altar of Fedhas.
  7283 | D:9      | Found a stormy altar of Qazlal.
  7646 | D:11     | Reached skill level 13 in Axes
  7663 | D:11     | Found a staircase to the Lair.
  7710 | D:11     | Noticed a hill giant
  7714 | D:11     | Killed a hill giant
  7787 | D:11     | Noticed a hill giant
  7794 | D:11     | Killed a hill giant
  7794 | D:11     | Reached skill level 10 in Armour
  7869 | D:11     | Noticed a soul eater
  8029 | D:11     | Reached ****** piety under Trog
  8033 | D:11     | Reached skill level 10 in Shields
  8156 | D:11     | Reached skill level 14 in Axes
  8621 | Lair:1   | Entered Level 1 of the Lair of Beasts
  8633 | Lair:1   | Received a gift from Trog
  8633 | Lair:1   | Reached skill level 10 in Fighting
  8743 | Lair:1   | Noticed a seven-headed hydra
  8755 | Lair:1   | Killed an 11-headed hydra
  8840 | Lair:1   | Reached XP level 12. HP: 94/106 MP: 11/11
  8934 | Lair:1   | Reached skill level 15 in Axes
 10292 | Lair:3   | Found a staircase to the Snake Pit.
 10627 | Lair:3   | Found a staircase to the Shoals.
 10749 | Lair:3   | Noticed a catoblepas
 10753 | Lair:3   | Killed a catoblepas
 10755 | Lair:3   | Reached skill level 16 in Axes
 11309 | Lair:4   | Reached XP level 13. HP: 114/116 MP: 12/12
 12392 | Lair:5   | Found a staircase to the Slime Pits.
 12392 | Lair:5   | Found a viscous altar of Jiyva.
 12557 | Lair:6   | Entered Level 6 of the Lair of Beasts
 12758 | Lair:6   | Received a gift from Trog
 12780 | Lair:6   | Noticed a dire elephant
 12796 | Lair:6   | Killed a dire elephant
 13411 | Lair:6   | Reached skill level 17 in Axes
 13448 | Lair:6   | HP: 6/178 [15-headed hydra (5)]
 13448 | Lair:6   | HP: 2/178 [15-headed hydra (3)]
 13450 | Lair:6   | Slain by a 15-headed hydra

Skill      XL: |  1  2  3  4  5  6  7  8  9 10 11 12 13 |
---------------+----------------------------------------+-----
Fighting       | 4 5 6 7 8 10 11 12 | 12.7
Axes           | 4 5 6 8 9 11 12 14 16 17 | 17.0
Armour         | 3 4 5 6 8 9 10 11 12 | 12.5
Shields        | 1 2 3 5 6 9 10 11 13 | 13.0
Dodging        | 3 4 |  4.6
Stealth        | 1 |  1.2

Action                   |  1- 3 |  4- 6 |  7- 9 | 10-12 | 13-15 || total
-------------------------+-------+-------+-------+-------+-------++-------
Melee: Hand axe          |    73 |    98 |   352 |       |       ||   523
       Headbutt          |     4 |    21 |    94 |   126 |    69 ||   314
       War axe           |       |       |    98 |   555 |   230 ||   883
Invok: Berserk           |       |     3 |     1 |     6 |     3 ||    13
       Burn Spellbooks   |       |       |     1 |     3 |     1 ||     5
  Use: Scroll            |       |       |    10 |     6 |     4 ||    20
       Potion            |       |       |       |       |     3 ||     3
  Eat: Chunk             |       |     5 |    13 |    21 |     9 ||    48
       Meat ration       |       |       |       |     2 |       ||     2
       Pizza             |       |       |       |     1 |       ||     1
Armor: Animal skin       |     4 |       |       |       |       ||     4
       Chain mail        |    37 |    41 |    98 |       |       ||   176
       Fire dragon scale |       |       |    51 |       |       ||    51
       Gold dragon scale |       |       |     6 |   232 |    79 ||   317
       Skin              |       |       |       |       |    45 ||    45
Dodge: Dodged            |    33 |    26 |   119 |   103 |    53 ||   334
Block: Shield            |    19 |    36 |   234 |   289 |   154 ||   732
